 Dungeon Crawl Stone Soup version 0.25-a0-294-gea9b1ad378 (webtiles) character file.

Game seed: 15765398767626686623, levelgen mode: deterministic

44 Error4North the Skirmisher (level 3, -9/33 HPs)
             Began as a Hill Orc Fighter on Dec 19, 2019.
             Mangled by an ogre
             ... wielding a +0 giant club
              (12 damage)
             ... on level 2 of the Dungeon.
             The game lasted 00:03:19 (515 turns).

Error4North the Skirmisher (Hill Orc Fighter)        Turns: 515, Time: 00:03:20

Health: -9/33      AC:  6    Str: 24    XL:     3   Next: 60%
Magic:  3/4        EV:  7    Int:  8    God:
Gold:   32         SH:  9    Dex: 10    Spells: 4/4 levels left

rFire    . . .     SeeInvis .   a - +0 war axe
rCold    . . .     Gourm    .   c - +0 shield
rNeg     . . .     Faith    .   b - +0 scale mail
rPois    .         Spirit   .   (no helmet)
rElec    .         Reflect  .   (no cloak)
rCorr    .         Harm     .   (no gloves)
MR       .....                  (no boots)
Stlth    ..........             (no amulet)
HPRegen  0.11/turn              (no ring)
MPRegen  0.09/turn              (no ring)

@: mighty
A: no striking features
a: no special abilities


You were on level 2 of the Dungeon.
You were not hungry.

You visited 1 branch of the dungeon, and saw 2 of its levels.

You collected 32 gold pieces.

Inventory:

Hand Weapons
 a - a +0 war axe (weapon)
Missiles
 k - 5 javelins (quivered)
 l - 29 stones
Armour
 b - a +0 scale mail (worn)
 c - a +0 shield (worn)
Scrolls
 e - a scroll of random uselessness {unknown}
 j - a scroll of teleportation {unknown}
 m - a scroll of noise {unknown}
Potions
 h - 2 potions of berserk rage {unknown}
 i - a potion of brilliance {unknown}
Comestibles
 f - a ration
 g - 2 chunks of flesh


   Skills:
 + Level 3.9 Fighting
 + Level 3.1 Axes
 + Level 3.5 Armour
 * Level 3.8 Shields
 * Level 1.0 Spellcasting


You had 4 spell levels left.
You didn't know any spells.
Your spell library was empty.

Dungeon Overview and Level Annotations

Branches:
Dungeon (2/15)

Altars:


Message History

The goblin hits you but does no damage.
You slash the goblin!
You kill the goblin!
You slash the goblin!
You kill the goblin!
You barely miss the goblin. x2; You slash Robin!
You hit the hobgoblin. The goblin hits you.
* * * LOW HITPOINT WARNING * * *
Robin hits you but does no damage. The goblin hits you with a +0 club.
* * * LOW HITPOINT WARNING * * *
You block the goblin's attack.
You slash Robin!
You kill Robin!
Your Spellcasting skill increases to level 1!
You closely miss the goblin. x2
Your shield and scale mail prevent you from hitting the hobgoblin.
You slash the ogre! The hobgoblin hits you.
* * * LOW HITPOINT WARNING * * *
You block the goblin's attack. The ogre hits you with a +0 giant club!
You die...

##### #...#
#...# #<..#
#...#
#...#########
#...gg.......
#...#@g......
#...#)O......
#...%.g......
#............
#####........
######... ##.


You could see an ogre, 2 hobgoblins and 2 goblins.

Vanquished Creatures
  Robin (D:2)
  A dart slug (D:1)
  2 leopard geckos (D:1)
  2 bats (D:1)
  A giant cockroach (D:1)
  4 hobgoblins
  3 jackals (D:1)
  A frilled lizard (D:1)
  7 goblins
  3 kobolds (D:1)
  3 rats (D:1)
28 creatures vanquished.

Notes
Turn   | Place    | Note
-------+----------+-------------------------------------------
     0 | D:1      | Error4North the Hill Orc Fighter began the quest for the
                  | Orb.
     0 | D:1      | Reached XP level 1. HP: 19/19 MP: 1/1
    87 | D:1      | Reached XP level 2. HP: 27/27 MP: 2/2
   420 | D:1      | Reached XP level 3. HP: 33/33 MP: 3/3
   504 | D:2      | Noticed Robin
   509 | D:2      | Noticed an ogre
   515 | D:2      | Killed Robin
   515 | D:2      | Reached skill level 1 in Spellcasting
   515 | D:2      | Mangled by an ogre

Levels and vault maps discovered:
D:1:      eino_arrival_cavern_c, layout_rooms
D:2:      layout_rooms, first_ration, uniq_robin

Skill      XL: |  1  2  3 |
---------------+----------+-----
Axes           | 3 |  3.1
Spellcasting   | 1 |  1.0
Fighting       | |  3.9
Armour         | |  3.5
Shields        | |  3.8

Action                   || total
-------------------------++-------
Melee: War axe           ||    74
  Use: Potion            ||     1
Armor: Scale mail        ||    42
Dodge: Dodged            ||    32
Block: Shield            ||    55

Table legend:
 A = Non-vault XP
 B = Vault XP
 C = Vault XP percentage of total XP
 D = Non-vault monster count
 E = Vault monster count
 F = Vault count percentage of total count
                 A         B        C        D         E       F
            +---------+---------+-------+---------+---------+-------
      Total |      35 |      28 |  44.4 |      20 |       8 |  28.6
            +---------+---------+-------+---------+---------+-------
        D:1 |      35 |       0 |   0.0 |      20 |       0 |   0.0
        D:2 |       0 |      28 | 100.0 |       0 |       8 | 100.0
            +---------+---------+-------+---------+---------+-------
